[Event "ICC tourney 3172 (30 10)"]
[Site "Internet Chess Club"]
[Date "2023.04.15"]
[Round "1"]
[White "YU, AVERY:Averyyu321"]
[Black "Yang, Daniel Benji Benji:DanielYang99"]
[Result "1-0"]
[ICCResult "Black resigns"]
[WhiteElo "1973"]
[BlackElo "1603"]
[Opening "Giuoco Piano"]
[ECO "C50"]
[NIC "IG.02"]
[Time "12:00:38"]
[PlyCount "39"]
[TimeControl "1800+10"]

1. e4 e5 2. Nf3 Nc6 3. Bc4 Bc5 4. O-O Nf6 5. d3 h6 6. Re1 O-O 7. Nbd2 d6 8.
c3 Bg4 9. h3 Bh5 10. Nf1 Re8 11. Ng3 Bg6 12. Nh2 Qd7 13. Qf3 Rad8 14. Bxh6
Qe7 15. Bg5 Na5 16. Bb5 c6 17. Ba4 Qe6 18. Bxf6 gxf6 19. b4 b5 20. Bc2
{Black resigns}
1-0

[Event "ICC tourney 3172 (30 10)"]
[Site "Internet Chess Club"]
[Date "2023.04.15"]
[Round "1"]
[White "Belous, Vladimir:Openyagami"]
[Black "BERKLEY, DARRIN K:drberkley"]
[Result "1-0"]
[ICCResult "Black resigns"]
[WhiteElo "2604"]
[BlackElo "1890"]
[Opening "King's Indian: Makagonov system (5.h3)"]
[ECO "E71"]
[NIC "KI.30"]
[Time "12:00:25"]
[PlyCount "53"]
[TimeControl "1800+10"]

1. c4 Nf6 2. Nc3 g6 3. e4 d6 4. d4 Bg7 5. h3 O-O 6. Be3 Na6 7. Nf3 c5 8. d5
Nc7 9. Bd3 a6 10. a4 e6 11. O-O exd5 12. exd5 b6 13. Qd2 Rb8 14. Bg5 Qd7 15.
Rfe1 Bb7 16. Qf4 Nh5 17. Qh2 Rfe8 18. g4 Nf6 19. Qf4 Rxe1+ 20. Rxe1 Nce8 21.
Re3 b5 22. cxb5 Nxd5 23. Nxd5 Bxd5 24. Re7 Qc8 25. Bc4 Be6 26. Bxe6 fxe6 27.
Qf7+ {Black resigns} 1-0

[Event "ICC tourney 3172 (30 10)"]
[Site "Internet Chess Club"]
[Date "2023.04.15"]
[Round "1"]
[White "SHEEHAN, ETHAN THOMAS:Chessking2008"]
[Black "INDUKURI, SUHAS VARMA:Suhas12"]
[Result "1-0"]
[ICCResult "Black checkmated"]
[WhiteElo "2312"]
[BlackElo "1823"]
[Opening "QGD: 4.Nf3"]
[ECO "D37"]
[NIC "QI.01"]
[Time "12:00:47"]
[PlyCount "61"]
[TimeControl "1800+10"]

1. d4 Nf6 2. c4 e6 3. Nf3 d5 4. Nc3 Be7 5. Bg5 h6 6. Bxf6 Bxf6 7. e3 c6 8.
e4 O-O 9. Be2 Re8 10. O-O b6 11. cxd5 cxd5 12. e5 Be7 13. Ne1 Bb7 14. f4 Qd7
15. Nc2 g6 16. Kh1 Kg7 17. g4 Nc6 18. Bd3 a6 19. f5 Bg5 20. f6+ Kh7 21. Qe1
h5 22. gxh5 Bh6 23. hxg6+ fxg6 24. Qg3 Qf7 25. h4 Rg8 26. h5 Nd8 27. hxg6+
Rxg6 28. Rg1 Nc6 29. Bxg6+ Qxg6 30. Qxg6+ Kh8 31. Qxh6# {Black checkmated}
1-0

[Event "ICC tourney 3172 (30 10)"]
[Site "Internet Chess Club"]
[Date "2023.04.15"]
[Round "1"]
[White "Cao, Frank Zhongtian:FrankCao"]
[Black "MARKOVIC, GORAN:Goran21"]
[Result "0-1"]
[ICCResult "White resigns"]
[WhiteElo "1738"]
[BlackElo "2075"]
[Opening "Sicilian: Najdorf, 7...Be7 main line"]
[ECO "B99"]
[NIC "SI.09"]
[Time "12:00:25"]
[PlyCount "78"]
[TimeControl "1800+10"]

1. e4 c5 2. Nf3 d6 3. d4 cxd4 4. Nxd4 Nf6 5. Nc3 a6 6. Bg5 e6 7. f4 Be7 8.
Qf3 Qc7 9. O-O-O Nbd7 10. g4 b5 11. Bxf6 Nxf6 12. g5 Nd7 13. f5 Nc5 14. Rg1
b4 15. Nce2 Bb7 16. Rg4 Rc8 17. fxe6 fxe6 18. Ng3 g6 19. Qe2 e5 20. Nb3 Ne6
21. h4 Nf4 22. Qd2 O-O 23. Kb1 a5 24. Nc1 a4 25. Bd3 Nxd3 26. cxd3 b3 27.
axb3 axb3 28. Nxb3 Qb6 29. Nc1 Rf2 30. Nge2 Ra8 31. Qc3 Rb8 32. Re1 Kh8 33.
d4 Rc8 34. Qe3 Rf7 35. Qd2 Bf8 36. d5 Ra8 37. Kc2 Rc7+ 38. Kd1 Bc8 39. Nc3
Bxg4+ {White resigns} 0-1

[Event "ICC tourney 3172 (30 10)"]
[Site "Internet Chess Club"]
[Date "2023.04.15"]
[Round "1"]
[White "TANG, OWEN:OwenT477"]
[Black "Volkov, Sergey:Volkov"]
[Result "0-1"]
[ICCResult "White resigns"]
[WhiteElo "1829"]
[BlackElo "2503"]
[Opening "French: exchange variation"]
[ECO "C01"]
[NIC "FR.01"]
[Time "12:00:25"]
[PlyCount "58"]
[TimeControl "1800+10"]

1. e4 e6 2. d4 d5 3. exd5 exd5 4. Bd3 Nc6 5. c3 Bd6 6. Ne2 Nge7 7. Bf4 Bg4
8. f3 Bh5 9. Nd2 Bg6 10. Qc2 Bxf4 11. Nxf4 Qd6 12. Nxg6 hxg6 13. g3 Qe6+ 14.
Kf2 g5 15. Rae1 Qf6 16. b4 Kf8 17. Nb3 b6 18. a3 g6 19. Nd2 Kg7 20. Nf1 a5
21. Ne3 axb4 22. axb4 Qd6 23. Rb1 Nd8 24. Ng4 Ne6 25. Ne5 c5 26. Qb2 cxd4
27. cxd4 f6 28. Ng4 Nc6 29. Rbd1 Qxb4 {White resigns} 0-1

[Event "ICC tourney 3172 (30 10)"]
[Site "Internet Chess Club"]
[Date "2023.04.15"]
[Round "1"]
[White "OPASKA, MICHAEL:mopaska1106"]
[Black "Makhmud, Adi:Chesshustler21"]
[Result "0-1"]
[ICCResult "White resigns"]
[WhiteElo "1909"]
[BlackElo "1396"]
[Opening "Nimzo-Indian: Fischer variation"]
[ECO "E43"]
[NIC "NI.12"]
[Time "12:00:41"]
[PlyCount "64"]
[TimeControl "1800+10"]

1. d4 Nf6 2. c4 e6 3. Nc3 Bb4 4. e3 b6 5. Bd3 Bb7 6. Nf3 O-O 7. a3 Bxc3+ 8.
bxc3 Ne4 9. Qc2 f5 10. O-O d5 11. cxd5 exd5 12. c4 Nd7 13. Bb2 Ndf6 14. Ne5
Nd7 15. f3 Nd6 16. cxd5 Bxd5 17. Rac1 c5 18. Nxd7 Qxd7 19. dxc5 Rac8 20. Qf2
bxc5 21. Rfd1 Qb7 22. Bf1 Rfd8 23. Be5 c4 24. Qg3 Ne8 25. Rc3 Be6 26. Rdc1
Rd2 27. Bd4 Kh8 28. Qe5 Qf7 29. Rb1 f4 30. exf4 Rd8 31. Be3 R2d5 32. Qe4 Bf5
{White resigns}
0-1

[Event "ICC tourney 3172 (30 10)"]
[Site "Internet Chess Club"]
[Date "2023.04.15"]
[Round "1"]
[White "BARANWAL, SUVAN:suvanba"]
[Black "ZHOU, JIANCHAO:TomCruise999"]
[Result "0-1"]
[ICCResult "White forfeits on time"]
[WhiteElo "1900"]
[BlackElo "2648"]
[Opening "Sicilian"]
[ECO "B50"]
[NIC "SI.01"]
[Time "12:01:14"]
[PlyCount "90"]
[TimeControl "1800+10"]

1. e4 c5 2. Nf3 d6 3. c3 Nf6 4. Be2 g6 5. O-O Bg7 6. Re1 O-O 7. Bf1 Nc6 8.
d4 cxd4 9. cxd4 Bg4 10. Nc3 Bxf3 11. gxf3 e5 12. dxe5 dxe5 13. Bg5 h6 14.
Qxd8 Raxd8 15. Bxf6 Bxf6 16. Nd5 Bg5 17. Kg2 Nd4 18. Rad1 Ne6 19. Rd3 Kg7
20. Kg1 Rd7 21. Red1 Rc8 22. Nc3 Rxd3 23. Rxd3 Nd4 24. Nd5 Rc1 25. Kg2 Ne6
26. Rc3 Rb1 27. Bc4 Rxb2 28. Rb3 Rc2 29. Rc3 Rd2 30. Rd3 Rxd3 31. Bxd3 Nc5
32. Bc4 a6 33. Nc3 b5 34. Bd5 b4 35. Nd1 Bc1 36. Kf1 a5 37. Bb3 a4 38. Bc2
Kf6 39. Ke2 Ke6 40. Ne3 Bxe3 41. fxe3 Kd6 42. Kd2 Kc6 43. Kc1 Kb5 44. Kb2
Kc4 45. f4 a3+ {White forfeits on time} 0-1

[Event "ICC tourney 3172 (30 10)"]
[Site "Internet Chess Club"]
[Date "2023.04.15"]
[Round "1"]
[White "LU, JOSHUA:qingjoshua"]
[Black "Cheng, Samuel:Samuel1001"]
[Result "1-0"]
[ICCResult "Black resigns"]
[WhiteElo "2095"]
[BlackElo "1759"]
[Opening "English: Bremen, reverse dragon"]
[ECO "A22"]
[NIC "EO.10"]
[Time "12:00:22"]
[PlyCount "61"]
[TimeControl "1800+10"]

1. c4 e5 2. Nc3 Nf6 3. g3 d5 4. cxd5 Nxd5 5. Bg2 Be6 6. Nf3 Nc6 7. d3 f6 8.
O-O Bc5 9. Qb3 a6 10. Nd2 Nd4 11. Qd1 Qd7 12. Nde4 Ba7 13. Bd2 Bg4 14. Nxd5
Nxe2+ 15. Kh1 O-O-O 16. f3 Qxd5 17. fxg4 Qxd3 18. Qa4 Rd4 19. Qb3 Qxb3 20.
axb3 Rhd8 21. Be3 Rd3 22. Bxa7 b6 23. Rxa6 Rxb3 24. g5 fxg5 25. Nxg5 Rxb2
26. Bh3+ Kb7 27. Ra3 Rdd2 28. Bg2+ Kc8 29. Ne4 Nxg3+ 30. Rxg3 Kb7 31. Nxd2+
{Black resigns}
1-0

[Event "ICC tourney 3172 (30 10)"]
[Site "Internet Chess Club"]
[Date "2023.04.15"]
[Round "1"]
[White "Jin, Xiaodong:SuperWJ"]
[Black "ZHAO, DANSON:K01-30127679"]
[Result "0-1"]
[ICCResult "White forfeits on time"]
[WhiteElo "1944"]
[BlackElo "1594"]
[Opening "Nimzovich-Larsen attack: modern variation"]
[ECO "A01"]
[NIC "VO.08"]
[Time "12:01:14"]
[PlyCount "54"]
[TimeControl "1800+10"]

1. b3 e5 2. Bb2 Nc6 3. c4 d6 4. g3 f5 5. Bg2 Nf6 6. Nc3 Be7 7. d3 O-O 8. e3
a6 9. Nge2 Qe8 10. Qd2 Rb8 11. Nd5 Bd8 12. O-O Bd7 13. e4 Ne7 14. f4 Nexd5
15. cxd5 Ng4 16. h3 Nh6 17. Rae1 Bf6 18. d4 fxe4 19. dxe5 dxe5 20. fxe5 Bxe5
21. Rxf8+ Kxf8 22. Nd4 Bxg3 23. Rxe4 Qg6 24. Ne6+ Bxe6 25. dxe6 Bd6 26. Qf2+
Kg8 27. e7 Re8 {White forfeits on time} 0-1

[Event "ICC tourney 3172 (30 10)"]
[Site "Internet Chess Club"]
[Date "2023.04.15"]
[Round "1"]
[White "HAO, RYAN:Ryan334"]
[Black "SHERNOFF, LEON:LeonShernoff"]
[Result "0-1"]
[ICCResult "White checkmated"]
[WhiteElo "1500"]
[BlackElo "1924"]
[Opening "Four knights: Rubinstein counter-gambit"]
[ECO "C48"]
[NIC "KP.03"]
[Time "12:00:40"]
[PlyCount "164"]
[TimeControl "1800+10"]

1. e4 e5 2. Nf3 Nc6 3. Nc3 Nf6 4. Bb5 Nd4 5. Bc4 d6 6. h3 Be7 7. O-O O-O 8.
d3 c6 9. Be3 d5 10. exd5 cxd5 11. Bb3 Nxf3+ 12. Qxf3 d4 13. Nd5 dxe3 14.
fxe3 Rb8 15. e4 Be6 16. Nxf6+ Bxf6 17. Qg3 Bxb3 18. axb3 a6 19. Kh1 g6 20.
Rf3 Bg7 21. Raf1 Rc8 22. Qf2 Qc7 23. c3 Qd7 24. Kg1 Qe6 25. b4 Rcd8 26. Kh1
Rd6 27. Kg1 Qd7 28. Qe2 f5 29. exf5 Rxf5 30. Rxf5 gxf5 31. Rf3 e4 32. dxe4
Rd1+ 33. Rf1 Rxf1+ 34. Qxf1 fxe4 35. Qc4+ Kf8 36. Qxe4 Qe7 37. Qf4+ Bf6 38.
Qf2 Ke8 39. Kh1 Kd8 40. Kg1 Kc8 41. Qf5+ Kb8 42. Qf2 Ka8 43. Kh1 h5 44. Kg1
h4 45. Kh1 Bg5 46. Kh2 Be3 47. Qf3 Bb6 48. Qf1 Bc7+ 49. Kg1 Bg3 50. Qc1 Ka7
51. Qd2 Qe4 52. Qc1 Kb6 53. Qd2 Qe1+ 54. Qxe1 Bxe1 55. Kf1 Bg3 56. Ke2 Kb5
57. Kd3 Be5 58. Ke4 Bg7 59. Kd3 Kc6 60. Ke4 b5 61. Kf5 Kd5 62. Kg4 Kc4 63.
Kxh4 Kb3 64. Kg4 Kxb2 65. h4 Kxc3 66. h5 Kxb4 67. Kf5 Kc5 68. g4 b4 69. g5
b3 70. h6 Bd4 71. g6 b2 72. g7 b1=Q+ 73. Ke6 Qa2+ 74. Kf5 Qg8 75. Kg6 Bxg7
76. hxg7 a5 77. Kf5 a4 78. Ke4 Kc4 79. Ke3 Kc3 80. Ke2 Qxg7 81. Kd1 Qg2 82.
Kc1 Qg1# {White checkmated} 0-1

[Event "ICC tourney 3172 (30 10)"]
[Site "Internet Chess Club"]
[Date "2023.04.15"]
[Round "1"]
[White "SURESH, SUDEEP:playe49"]
[Black "ZHU, LINXI:duone"]
[Result "0-1"]
[ICCResult "White forfeits on time"]
[WhiteElo "1657"]
[BlackElo "1977"]
[Opening "Benoni defense"]
[ECO "A60"]
[NIC "BI.38"]
[Time "12:00:39"]
[PlyCount "92"]
[TimeControl "1800+10"]

1. d4 Nf6 2. c4 c5 3. d5 e6 4. g3 exd5 5. cxd5 d6 6. e4 g6 7. f3 Bg7 8. Kf2
O-O 9. Kg2 a6 10. a4 Nbd7 11. Nh3 Ne5 12. Nf2 Rb8 13. Nc3 Bd7 14. a5 h5 15.
Be2 Qc8 16. h3 Be8 17. f4 Ned7 18. g4 h4 19. Qe1 c4 20. Be3 Nc5 21. Qf1 b5
22. axb6 Rxb6 23. Rb1 Rb4 24. Bxc4 a5 25. b3 Nh7 26. Na2 Rb8 27. Qe2 Nf6 28.
Nc3 Nxb3 29. Bxb3 Qxc3 30. Rhc1 Qb4 31. Bc2 Bb5 32. Qd1 Qa3 33. Rb3 Qa4 34.
Ra1 Qc4 35. Bd3 Qc7 36. Rxb5 Rxb5 37. Bxb5 Qc3 38. Qd4 Nxd5 39. Qxc3 Bxc3
40. exd5 Bxa1 41. Ne4 Rd8 42. Bc4 a4 43. Bb6 Rd7 44. Ba5 a3 45. Bb4 Ra7 46.
Bxd6 a2 {White forfeits on time} 0-1

[Event "ICC tourney 3172 (30 10)"]
[Site "Internet Chess Club"]
[Date "2023.04.15"]
[Round "1"]
[White "CHINNI, RISHABH:alphachesplayer"]
[Black "ZHUGE, KATHERINE:FlowingMelody"]
[Result "1-0"]
[ICCResult "Black checkmated"]
[WhiteElo "1993"]
[BlackElo "1736"]
[Opening "Sicilian: Pelikan, Chelyabinsk variation"]
[ECO "B41"]
[NIC "SI.37"]
[Time "12:00:26"]
[PlyCount "115"]
[TimeControl "1800+10"]

1. e4 c5 2. Nf3 e6 3. d4 cxd4 4. Nxd4 Nf6 5. Nc3 Nc6 6. Ndb5 d6 7. Bf4 e5 8.
Bg5 a6 9. Na3 b5 10. Nd5 Be7 11. Bxf6 Bxf6 12. c3 O-O 13. Nc2 Bg5 14. Be2
Be6 15. O-O Ne7 16. Ncb4 Nxd5 17. Nxd5 Rb8 18. b3 Qd7 19. a4 Rfc8 20. axb5
axb5 21. Ra6 Rc6 22. Rxc6 Qxc6 23. Qd3 Qc5 24. Ra1 Qc6 25. Ra5 g6 26. g3
Bxd5 27. exd5 Qc5 28. b4 Qc7 29. h4 Bf6 30. Qf3 Kg7 31. Bxb5 e4 32. Qxe4
Qxc3 33. Kg2 Qe5 34. Qd3 Rc8 35. Bc6 Rb8 36. b5 Bd8 37. Ra4 Bb6 38. Re4 Qb2
39. Re2 Qf6 40. f4 Qd4 41. Qxd4+ Bxd4 42. Re7 Rb6 43. Kf3 Kf6 44. Rc7 Bc5
45. Be8 Kg7 46. Rxf7+ Kg8 47. Rc7 Rb8 48. Bc6 Rb6 49. Rc8+ Kg7 50. Rc7+ Kg8
51. g4 Kh8 52. f5 gxf5 53. gxf5 Kg8 54. Kg4 h6 55. Kh5 Be3 56. Kg6 Kf8 57.
Rc8+ Ke7 58. Re8# {Black checkmated} 1-0

[Event "ICC tourney 3172 (30 10)"]
[Site "Internet Chess Club"]
[Date "2023.04.15"]
[Round "1"]
[White "SHOLL, CRAIG H:craigsholl66"]
[Black "WEN, YILI:yyyw"]
[Result "0-1"]
[ICCResult "White resigns"]
[WhiteElo "1762"]
[BlackElo "2111"]
[Opening "Queen's pawn: Torre attack"]
[ECO "A46"]
[NIC "QP.04"]
[Time "12:02:34"]
[PlyCount "138"]
[TimeControl "1800+10"]

1. Nf3 Nf6 2. d4 e6 3. Bg5 d5 4. e3 Be7 5. Be2 b6 6. O-O O-O 7. Nbd2 c5 8.
c3 Ne4 9. Bxe7 Qxe7 10. Nxe4 dxe4 11. Nd2 Bb7 12. f3 exf3 13. Bxf3 Nc6 14.
Qa4 Rac8 15. Rfe1 Rfd8 16. Rad1 Na5 17. Bxb7 Qxb7 18. Qb5 h6 19. Nb3 Nxb3
20. axb3 Qe4 21. Qd3 Qh4 22. g3 Qe7 23. Qe4 Qd7 24. c4 a5 25. d5 Re8 26. Qg4
Rcd8 27. e4 e5 28. Qf3 Qe7 29. h4 Rd6 30. Rf1 Rf6 31. Qh5 Rd8 32. Rxf6 Qxf6
33. Rf1 Qe7 34. Qf5 Rd6 35. Rf2 Rd7 36. Qh5 Ra7 37. Rd2 Qd6 38. Qf5 Rd7 39.
g4 g6 40. Qf3 Kg7 41. Rf2 Qe7 42. Qg3 Ra7 43. g5 h5 44. Qf3 a4 45. Qf6+ Qxf6
46. Rxf6 axb3 47. Rxb6 Ra4 48. Rxb3 Rxc4 49. Re3 Rc2 50. Rd3 Kf8 51. Rc3
Rxb2 52. Rxc5 Rb4 53. Rc8+ Ke7 54. Rc7+ Ke8 55. Rc8+ Kd7 56. Rf8 Ke7 57. Ra8
Rxe4 58. Ra7+ Ke8 59. Ra8+ Kd7 60. Ra7+ Kd6 61. Rxf7 Kxd5 62. Rf6 Rg4+ 63.
Kf2 Rf4+ 64. Rxf4 exf4 65. Kf3 Ke5 66. Ke2 Ke4 67. Kf2 f3 68. Ke1 Ke3 69.
Kf1 f2 {White resigns} 0-1

[Event "ICC tourney 3172 (30 10)"]
[Site "Internet Chess Club"]
[Date "2023.04.15"]
[Round "2"]
[White "ZHU, LINXI:duone"]
[Black "Belous, Vladimir:Openyagami"]
[Result "0-1"]
[ICCResult "White resigns"]
[WhiteElo "1977"]
[BlackElo "2604"]
[Opening "Sicilian: Labourdonnais-Löwenthal (Kalashnikov) variation"]
[ECO "B32"]
[NIC "SI.32"]
[Time "14:00:20"]
[PlyCount "68"]
[TimeControl "1800+10"]

1. e4 c5 2. Nf3 Nc6 3. d4 cxd4 4. Nxd4 e5 5. Nb5 d6 6. N1c3 a6 7. Na3 b5 8.
Nd5 Nge7 9. c4 Nxd5 10. cxd5 Nd4 11. Nc2 Bg4 12. Qd3 Nxc2+ 13. Qxc2 Rc8 14.
Qd3 Be7 15. Be2 Bd7 16. O-O O-O 17. Be3 f5 18. f3 f4 19. Bf2 Bh4 20. Bxh4
Qxh4 21. Rac1 Qd8 22. Qa3 Qb6+ 23. Kh1 g5 24. b4 Kf7 25. Qa5 Qe3 26. Rce1
Qa7 27. Rc1 Rxc1 28. Rxc1 Qe3 29. Rc7 Ke7 30. Bf1 Qf2 31. Rc1 Rc8 32. Rd1
Rc2 33. Qxa6 Bh3 34. Qb7+ Kf6 {White resigns} 0-1

[Event "ICC tourney 3172 (30 10)"]
[Site "Internet Chess Club"]
[Date "2023.04.15"]
[Round "2"]
[White "WEN, YILI:yyyw"]
[Black "SHERNOFF, LEON:LeonShernoff"]
[Result "1-0"]
[ICCResult "Black resigns"]
[WhiteElo "2111"]
[BlackElo "1924"]
[Opening "English opening"]
[ECO "A16"]
[NIC "EO.64"]
[Time "14:01:05"]
[PlyCount "29"]
[TimeControl "1800+10"]

1. c4 Nf6 2. Nc3 c6 3. d4 d5 4. cxd5 cxd5 5. Bf4 Nc6 6. e3 a6 7. Bd3 Bg4 8.
Nge2 e6 9. O-O Be7 10. Rc1 Nh5 11. f3 Nxf4 12. Nxf4 g5 13. Nfxd5 exd5 14.
fxg4 Bd6 15. Qf3 {Black resigns} 1-0

[Event "ICC tourney 3172 (30 10)"]
[Site "Internet Chess Club"]
[Date "2023.04.15"]
[Round "2"]
[White "INDUKURI, SUHAS VARMA:Suhas12"]
[Black "HAO, RYAN:Ryan334"]
[Result "1-0"]
[ICCResult "Black checkmated"]
[WhiteElo "1823"]
[BlackElo "1500"]
[Opening "Giuoco Piano"]
[ECO "C54"]
[NIC "IG.02"]
[Time "14:00:08"]
[PlyCount "123"]
[TimeControl "1800+10"]

1. e4 e5 2. Nf3 Nc6 3. Bc4 Bc5 4. c3 Nf6 5. d4 exd4 6. e5 d5 7. Bb5 Ne4 8.
cxd4 Bb6 9. h3 O-O 10. O-O Bf5 11. Nc3 a6 12. Ba4 Ba5 13. Bd2 Nxd2 14. Qxd2
f6 15. Bb3 Kh8 16. Rfe1 fxe5 17. Nxe5 Nxe5 18. Rxe5 c6 19. Rae1 Qd6 20. Qe3
Qg6 21. Re2 Bb4 22. g4 Bd6 23. Rxf5 Rxf5 24. Bc2 Bf4 25. Bxf5 Bxe3 26. Bxg6
Bxd4 27. Bd3 Bf6 28. f4 Kg8 29. Kf2 h6 30. Bg6 Kf8 31. Ke1 Bh4+ 32. Kd2 Bg3
33. Kc2 Rd8 34. Re3 Bh4 35. Na4 b5 36. Nc5 Kg8 37. Re8+ Rxe8 38. Bxe8 Bg3
39. f5 d4 40. Bxc6 Bf2 41. Nd3 Be3 42. b4 Kf7 43. Bb7 Kf6 44. Bxa6 Kg5 45.
Bxb5 Kh4 46. a4 Kxh3 47. a5 Kxg4 48. a6 Kxf5 49. a7 g5 50. a8=Q g4 51. Qg2
h5 52. Bc6 Kg5 53. b5 h4 54. b6 h3 55. Qh1 Kh4 56. b7 g3 57. b8=Q g2 58.
Qh8+ Kg5 59. Qe5+ Kg4 60. Bxg2 h2 61. Bf3+ Kh4 62. Qhxh2# {Black checkmated}
1-0

[Event "ICC tourney 3172 (30 10)"]
[Site "Internet Chess Club"]
[Date "2023.04.15"]
[Round "2"]
[White "ZHOU, JIANCHAO:TomCruise999"]
[Black "CHINNI, RISHABH:alphachesplayer"]
[Result "1-0"]
[ICCResult "Black resigns"]
[WhiteElo "2648"]
[BlackElo "1993"]
[Opening "Bogo-Indian defense, Grünfeld variation"]
[ECO "E11"]
[NIC "QI.01"]
[Time "14:01:05"]
[PlyCount "96"]
[TimeControl "1800+10"]

1. d4 Nf6 2. c4 e6 3. Nf3 Bb4+ 4. Nbd2 O-O 5. a3 Bxd2+ 6. Qxd2 d6 7. b4 Nbd7
8. Bb2 Qe7 9. e3 b6 10. Be2 Bb7 11. O-O e5 12. dxe5 dxe5 13. Rfd1 Rad8 14.
Qc3 Ne4 15. Qc2 f5 16. Nd2 Nxd2 17. Rxd2 Nf6 18. Rad1 e4 19. Qc3 c5 20. b5
a6 21. a4 a5 22. Qe5 Qxe5 23. Bxe5 Rxd2 24. Rxd2 Bc8 25. Bc7 Nd7 26. Rd6 Rf6
27. Rxf6 gxf6 28. h3 Kf7 29. Kh2 Ke6 30. Kg3 Ne5 31. Bxb6 Kd6 32. Bxa5 Be6
33. Bc3 Nxc4 34. Bxf6 Nb6 35. a5 Nd7 36. Bc3 Bd5 37. Kf4 Ke6 38. g4 fxg4 39.
Bxg4+ Kd6 40. Bf5 Bc4 41. b6 Ba6 42. Bxh7 Nf8 43. Bxe4 Ne6+ 44. Kf5 Nd8 45.
h4 Bc8+ 46. Kf6 Nc6 47. h5 Ne7 48. b7 Kc7 {Black resigns} 1-0

[Event "ICC tourney 3172 (30 10)"]
[Site "Internet Chess Club"]
[Date "2023.04.15"]
[Round "2"]
[White "Cheng, Samuel:Samuel1001"]
[Black "OPASKA, MICHAEL:mopaska1106"]
[Result "1-0"]
[ICCResult "Black resigns"]
[WhiteElo "1759"]
[BlackElo "1909"]
[Opening "Dutch"]
[ECO "A80"]
[NIC "HD.12"]
[Time "14:01:06"]
[PlyCount "59"]
[TimeControl "1800+10"]

1. d4 f5 2. Nc3 Nf6 3. Bf4 d6 4. e3 g6 5. Bd3 Bg7 6. h4 O-O 7. h5 Nxh5 8.
Rxh5 gxh5 9. Qxh5 e5 10. dxe5 dxe5 11. Bg5 Qd6 12. O-O-O Qc5 13. Nge2 Rf7
14. Rh1 Bf8 15. Ne4 fxe4 16. Bxe4 Bg7 17. Bxh7+ Kf8 18. Bg6 Rxf2 19. Bh6 Qe7
20. Bg5 Qc5 21. Qh4 Bf5 22. Be7+ Qxe7 23. Qxf2 Qf6 24. Bxf5 Nc6 25. Nc3 e4
26. g4 Rd8 27. g5 Qe5 28. Bg6+ Ke7 29. Qf7+ Kd6 30. Nxe4+ {Black resigns}
1-0

[Event "ICC tourney 3172 (30 10)"]
[Site "Internet Chess Club"]
[Date "2023.04.15"]
[Round "2"]
[White "MARKOVIC, GORAN:Goran21"]
[Black "Makhmud, Adi:Chesshustler21"]
[Result "1-0"]
[ICCResult "Black resigns"]
[WhiteElo "2075"]
[BlackElo "1396"]
[Opening "Sicilian: Nimzovich-Rossolimo attack (without ...d6)"]
[ECO "B30"]
[NIC "SI.31"]
[Time "14:00:43"]
[PlyCount "169"]
[TimeControl "1800+10"]

1. e4 c5 2. Nf3 Nc6 3. Bb5 Nf6 4. Nc3 g6 5. Bxc6 dxc6 6. h3 Bg7 7. O-O b6 8.
a4 a5 9. Re1 O-O 10. d3 Re8 11. Bf4 Ba6 12. Qd2 b5 13. axb5 cxb5 14. e5 b4
15. Na4 Nd5 16. Bh6 Qc7 17. b3 Bh8 18. Qg5 Bb7 19. Qh4 Nc3 20. Ng5 Bxe5 21.
Nxh7 Nd5 22. Rac1 Bf4 23. Rcd1 Qc6 24. f3 Bxh6 25. Qxh6 Nf6 26. Ng5 Qd6 27.
Re2 Rac8 28. Rde1 Rc7 29. Kh1 e5 30. Nb2 Bd5 31. Nc4 Bxc4 32. dxc4 Rd7 33.
Qh4 Qd4 34. Qh6 e4 35. Nxe4 Nxe4 36. Rxe4 Rxe4 37. Rxe4 Qd1+ 38. Kh2 Qd6+
39. f4 Re7 40. Rxe7 Qxe7 41. Qg5 Qxg5 42. fxg5 Kf8 43. Kg3 Ke7 44. Kf4 Ke6
45. g4 f6 46. gxf6 Kxf6 47. h4 Ke6 48. g5 Kd6 49. Kg4 Ke5 50. h5 gxh5+ 51.
Kxh5 Kd4 52. g6 Kc3 53. g7 Kxc2 54. g8=Q Kxb3 55. Qd5 a4 56. Qxc5 a3 57. Qd5
Kc2 58. c5 b3 59. Qc4+ Kb2 60. Qe2+ Kb1 61. Qd1+ Kb2 62. Qd2+ Kb1 63. Qc3
Ka2 64. Qc4 Kb2 65. c6 a2 66. c7 a1=Q 67. Qd4+ Kb1 68. Qxa1+ Kxa1 69. c8=Q
b2 70. Qa6+ Kb1 71. Kg4 Kc2 72. Qc4+ Kd2 73. Qb3 Kc1 74. Qc3+ Kb1 75. Kf3
Ka2 76. Qa5+ Kb3 77. Qb5+ Ka3 78. Qd3+ Ka2 79. Qc2 Ka1 80. Qa4+ Kb1 81. Ke2
Kc1 82. Qc4+ Kb1 83. Kd2 Ka1 84. Qa4+ Kb1 85. Kc3 {Black resigns} 1-0

[Event "ICC tourney 3172 (30 10)"]
[Site "Internet Chess Club"]
[Date "2023.04.15"]
[Round "2"]
[White "ZHAO, DANSON:K01-30127679"]
[Black "LU, JOSHUA:qingjoshua"]
[Result "0-1"]
[ICCResult "White resigns"]
[WhiteElo "1594"]
[BlackElo "2095"]
[Opening "Caro-Kann defense"]
[ECO "B10"]
[NIC "CK.01"]
[Time "14:01:06"]
[PlyCount "64"]
[TimeControl "1800+10"]

1. e4 c6 2. Nf3 d5 3. exd5 cxd5 4. d4 Nc6 5. Bd3 Bg4 6. c3 Nf6 7. h3 Bh5 8.
Bf4 e6 9. Nbd2 Bd6 10. Bxd6 Qxd6 11. Qb3 b6 12. O-O O-O 13. Rae1 Bg6 14.
Bxg6 hxg6 15. Ne5 Rac8 16. Qa4 Na5 17. b4 Nc6 18. Re3 Rc7 19. Nxc6 Qxc6 20.
Qxc6 Rxc6 21. f3 Rfc8 22. Nb1 Ne8 23. a4 Nd6 24. Rf2 Rc4 25. Ra2 Kf8 26. f4
Ne4 27. Ra3 a5 28. b5 Ke7 29. g3 Kd6 30. Kf1 R4c7 31. Ke2 g5 32. Nd2 Nxc3+
{White resigns}
0-1

[Event "ICC tourney 3172 (30 10)"]
[Site "Internet Chess Club"]
[Date "2023.04.15"]
[Round "2"]
[White "Cao, Frank Zhongtian:FrankCao"]
[Black "BARANWAL, SUVAN:suvanba"]
[Result "1/2-1/2"]
[ICCResult "Game drawn by mutual agreement"]
[WhiteElo "1738"]
[BlackElo "1900"]
[Opening "Sicilian: dragon, Yugoslav attack, Rauser variation"]
[ECO "B76"]
[NIC "SI.17"]
[Time "14:00:09"]
[PlyCount "79"]
[TimeControl "1800+10"]

1. e4 c5 2. Nf3 d6 3. d4 cxd4 4. Nxd4 Nf6 5. Nc3 g6 6. Be3 Bg7 7. f3 O-O 8.
Qd2 Nc6 9. O-O-O d5 10. exd5 Nxd5 11. Nxc6 bxc6 12. Bd4 e5 13. Bc5 Be6 14.
Ne4 Re8 15. g4 Rb8 16. h4 f5 17. gxf5 gxf5 18. Nc3 Qf6 19. Nxd5 Bxd5 20. Bg2
e4 21. Bd4 Qxd4 22. Qxd4 Bxd4 23. Rxd4 exf3 24. Bh3 f2 25. Rf1 Re2 26. Rd2
Rbe8 27. Rxf2 R2e3 28. Bg2 Re1+ 29. Rd1 Rxd1+ 30. Kxd1 Bxg2 31. Rxg2+ Kf7
32. Rd2 Kf6 33. Rd6+ Re6 34. Rxe6+ Kxe6 35. Ke2 Kf6 36. Kf3 Kg6 37. Kf4 Kh5
38. Kxf5 Kxh4 39. Kf4 h5 40. b4 {Game drawn by mutual agreement} 1/2-1/2

[Event "ICC tourney 3172 (30 10)"]
[Site "Internet Chess Club"]
[Date "2023.04.15"]
[Round "2"]
[White "Laido, Olivia:beibeiolivia"]
[Black "SHEEHAN, ETHAN THOMAS:Chessking2008"]
[Result "0-1"]
[ICCResult "White checkmated"]
[WhiteElo "1959"]
[BlackElo "2312"]
[Opening "Sicilian: Alapin's variation (2.c3)"]
[ECO "B22"]
[NIC "SI.47"]
[Time "14:00:07"]
[PlyCount "116"]
[TimeControl "1800+10"]

1. e4 c5 2. c3 Nf6 3. e5 Nd5 4. d4 cxd4 5. cxd4 d6 6. Nf3 Nc6 7. Bc4 Nb6 8.
Bb5 Bd7 9. Nc3 e6 10. Bf4 dxe5 11. dxe5 a6 12. Bd3 Nb4 13. Be4 Bc6 14. Bxc6+
Nxc6 15. O-O Bb4 16. Ne4 Nd5 17. Bg3 O-O 18. a3 Be7 19. Rc1 Qb6 20. Qe2 Rac8
21. Rfd1 Qb3 22. h3 h6 23. Kh1 Na5 24. Nd4 Qb6 25. Nf3 Nb3 26. Rc2 Rc6 27.
Rxc6 Qxc6 28. Qd3 Nc5 29. Nxc5 Qxc5 30. Nd4 Rc8 31. Qd2 Qb6 32. Ne2 Bc5 33.
Nc3 Nxc3 34. Qxc3 Rc6 35. Qd2 Bf8 36. Rc1 Rxc1+ 37. Qxc1 Qd4 38. Qc2 g5 39.
Qe2 b5 40. Kh2 Kg7 41. Kh1 Qc4 42. Qxc4 bxc4 43. Bh2 Bxa3 44. bxa3 c3 45. f4
c2 46. fxg5 c1=Q+ 47. Bg1 hxg5 48. a4 f6 49. exf6+ Kxf6 50. a5 e5 51. g4 e4
52. Kg2 e3 53. h4 e2 54. hxg5+ Kxg5 55. Kh3 e1=Q 56. Bf2 Qh1+ 57. Kg3 Qc3+
58. Be3+ Qxe3# {White checkmated} 0-1